cohdb
Replays
Latest Replays
All Replays
Popular Replays
Top Player Replays
Match Explorer
How It Works
Community
CoH3 Stats
Reddit
Sign in to upload your games and track your stats! →
Sign in with Steam
Match 45391248
Unlisted
Match 45391248
Overview
Messages
Build Orders
End
Construct Infanterie Kompanie
Construct Infanterie Kompanie
Construct Infanterie Kompanie
Grenadier Squad
MG 42 Machine Gun Team
Grenadier Squad
Grenadier Squad
Infanterie Officer Quarters
Construct Panzergrenadier Kompanie
Pak 40 Anti-tank Gun Team
Selects Mechanized Battlegroup
Selects Mechanized Battlegroup
Selects Raid Package
Selects StuG Assault Group
Construct Panzer Kompanie
Stoßtruppen Squad
Stoßtruppen Squad
Selects UNKNOWN (2160084)
Panzer Officer Quarters
Panther Heavy Tank
Selects Spotting Scopes
Selects Wespe Self-propelled Artillery
Panther Heavy Tank
Stoßtruppen Squad
Selects Mechanized Assault
Repair Bunker
Mechanized Assault
Dune_el
[PD] Ducktus
[PD] [9C] [FT] Claudius Tacitus
Nico-Nico-Nii~~
ME.COM
borys771
гооол
18918848
0
0
Comments
sign in to comment!
No comments posted yet!